 Dungeon Crawl Stone Soup version 0.24-a0-504-gcfb02b9d07 (webtiles) character file.

Game seed: 6739961417459697024

29710 Bapho the Fighter (level 13, -14/89 HPs)
             Began as a Gargoyle Earth Elementalist on July 17, 2019.
             Was a High Priest of Vehumet.
             Demolished by a minotaur
             ... wielding a +2 great mace of holy wrath
              (26 damage)
             ... in a Gauntlet.
             The game lasted 00:40:57 (15724 turns).

Bapho the Fighter (Gargoyle Earth Elementalist)    Turns: 15724, Time: 00:40:58

Health: -14/89     AC: 20    Str: 15    XL:     13   Next: 47%
Magic:  4/25       EV: 15    Int: 22    God:    Vehumet [*****.]
Gold:   502        SH:  0    Dex: 12    Spells: 10/28 levels left

rFire    . . .     SeeInvis +   o - +4 whip (elec)
rCold    . . .     Gourm    .   (no shield)
rNeg     + . .     Faith    .   l - +1 swamp dragon scales
rPois    ∞         Spirit   .   F - +1 helmet {SInv}
rElec    +         Reflect  .   r - +0 cloak
rCorr    .         Harm     .   (no gloves)
MR       .....     NoTele   +   (no boots)
Stlth    +.........             (no amulet)
HPRegen  0.24/turn              j - ring of wizardry
MPRegen  0.19/turn              x - +4 ring of intelligence

@: very slightly contaminated
A: claws 1, repulsion field 1, agile 1, deformed body, negative energy
resistance 1, electricity resistance, unbreathing, petrification resistance, rot
immunity, AC +9
a: Renounce Religion


You were in a Gauntlet.
You worshipped Vehumet.
Vehumet was extremely pleased with you.
You were not hungry.

You visited 3 branches of the dungeon, and saw 14 of its levels.
You also visited: Gauntlet.

You collected 502 gold pieces.

Inventory:

Hand Weapons
 e - a +2 mace of holy wrath
 n - a +0 flail
 o - a +4 whip of electrocution (weapon)
 N - the +4 battleaxe of Salt {freeze, MP+9, unknown}
   (You found it on level 1 of the Lair of Beasts)

   It has been specially enchanted to freeze those struck by it, causing extra
   injury to most foes and up to half again as much damage against particularly
   susceptible opponents.
   It can also slow down cold-blooded creatures.
   It affects your magic capacity (+9).
Missiles
 b - 129 stones (quivered)
Armour
 c - a +0 robe
 g - a +0 troll leather armour {Purgy}
 l - +1 swamp dragon scales (worn)
 r - a +0 cloak (worn)
 t - a +1 hat
 C - a +2 hat
 F - a +1 helmet of see invisible (worn)
Jewellery
 f - an uncursed ring of see invisible
 j - a ring of wizardry (left claw)
 p - an uncursed amulet of faith
 s - a +1 ring of protection
 u - an uncursed ring of wizardry
 x - a +4 ring of intelligence (right claw)
 E - an uncursed ring of ice
 L - an uncursed ring of fire
 M - an uncursed ring of flight
Wands
 m - a wand of enslavement (5)
 q - a wand of acid (5)
 y - a wand of paralysis (7)
 I - a wand of random effects (26)
 J - a wand of flame (9)
 O - a wand of digging (2)
Scrolls
 k - 6 scrolls of remove curse
 w - a scroll of fear
 z - 2 scrolls of amnesia
 A - 4 scrolls of teleportation
 B - a scroll of immolation
 D - a scroll of vulnerability
Potions
 a - 3 potions of flight
 h - 2 potions of invisibility
 i - 2 potions of degeneration
 v - a potion of agility
 G - a potion of cancellation
 H - a potion of brilliance
Comestibles
 d - 16 rations


   Skills:
 - Level 13.9 Fighting
 - Level 12.0 Maces & Flails
 - Level 7.5 Armour
 - Level 6.0 Dodging
 - Level 2.1 Stealth
 + Level 8.3 Spellcasting
 - Level 2.8 Conjurations
 - Level 0.7 Transmutations
 - Level 5.3 Earth Magic


You had 10 spell levels left.
You knew the following spells:

 Your Spells              Type           Power        Failure   Level  Hunger
a - Sandblast             Erth           ####..       1%          1    None
b - Stone Arrow           Conj/Erth      ####..       1%          3    None
c - Passwall              Tmut/Erth      ###.....     2%          2    None
d - Petrify               Tmut/Erth      ###.....     16%         4    ###....
e - Conjure Flame         Conj/Fire      ###.....     2%          3    None
f - Lee's Rapid Deconstr  Erth           ####......   4%          5    #####..

Your spell library contained the following spells:

 Spells                   Type           Power        Failure   Level  Hunger
 Throw Icicle             Conj/Ice       ###.....     8%          4    ###....
 Beastly Appendage        Tmut           ##....       4%          1    None
 Summon Small Mammal      Summ           #...         5%          1    None
 Sticks to Snakes         Tmut           ##......     6%          2    None
 Call Imp                 Summ           #.......     8%          2    None
 Spider Form              Tmut/Pois      ##........   13%         3    None
 Call Canine Familiar     Summ           #.......     16%         3    None
 Summon Guardian Golem    Hex/Summ       #.......     16%         3    None
 Ice Form                 Ice/Tmut       ##......     38%         4    ###....
 Summon Ice Beast         Ice/Summ       #.......     43%         4    ###....
 Summon Lightning Spire   Summ/Air       #.......     43%         4    ###....
 Blade Hands              Tmut           ##........   69%         5    #####..


Dungeon Overview and Level Annotations

Branches:
Dungeon (11/15)            Temple (1/1) D:5            Lair (2/6) D:9
  Swamp: Lair:2-4    Shoals: Lair:2-4     Snake: Lair:2-4    Spider: Lair:2-4
    Orc: D:9-12

Altars:
Ashenzari
Cheibriados
Dithmenos
Elyvilon
Fedhas
Gozag
Hepliaklqana
Kikubaaqudgha
Makhleb
Nemelex Xobeh
Okawaru
Qazlal
Ru
Sif Muna
Trog
Uskayaw
Vehumet
Wu Jian
Xom
Yredelemnul
Zin
The Shining One

Shops:
D:4 :   D:9 !:   D:11 !

Annotations:
D:5 1 transporter, Thantalas's ghost, amateur DsFi
Lair:1 2 runed translucent doors, Cezizonopn's ghost, journeyman DrTm Gauntlet 6 transporters


Innate Abilities, Weirdness & Mutations

You are resistant to torment.
Your stone body is resilient. (AC +9)
You are immune to poison.
You resist negative energy. (rN+)
You are resistant to electric shocks. (rElec)
You can survive without breathing.
You are immune to petrification.
You are immune to rotting.
You have sharp fingernails.
You are surrounded by a mild repulsion field. (EV +2)
You are agile. (Dex +2)
Armour fits poorly on your strangely shaped body.


Message History

The minotaur gores you but does no damage.
You hit the minotaur.
Lightning courses through the minotaur!!
The minotaur is moderately wounded.
You hit the minotaur but do no damage.
The minotaur is moderately wounded.
The giant cockroach bites you but does no damage.
The minotaur hits you with a +2 great mace of holy wrath!!
* * * LOW HITPOINT WARNING * * *
The minotaur gores you!
* * * LOW HITPOINT WARNING * * *
You hit the minotaur but do no damage. Lightning courses through the minotaur!
The minotaur is heavily wounded.
You barely miss the minotaur.
The minotaur is heavily wounded.
The giant cockroach closely misses you.
You hit the minotaur but do no damage.
The minotaur is heavily wounded.
The minotaur hits you with a +2 great mace of holy wrath!!
You die...

#...#
###.⌠.#############
.##...##..........#
..#.⌠.##.########.#
∩.#...##.#....H.#.#
..#.©.##.#(# #.#
⌠.#......#.# #.#
..#.©.####.######s#
∩.#...# #.....H@.#
..#.⌠.# ##########
.##...# ###.⌠.#
≈##...# ≈≈#.⌠.#
≈##...# ####### ≈#


You could see a minotaur and a giant cockroach.

Vanquished Creatures
  Gastronok (D:8)
  Harold (D:9)
  2 hydras
  Erolcha (D:9)
  2 death scarabs (Gauntlet)
  A two-headed ogre (D:11)
  A queen ant (Gauntlet)
  A spectral death yak (Gauntlet)
  3 swamp dragons (Lair:1)
  3 unseen horrors
  A spectral hydra (Gauntlet)
  An ugly thing (D:11)
  A necromancer (Gauntlet)
  A manticore (D:11)
  2 cyclopes (D:11)
  An elephant (D:9)
  2 black mambas (Lair:1)
  Joseph (D:8)
  4 spiny frogs (Lair:1)
  3 kobold demonologists (D:11)
  A meliai (D:11)
  4 trolls
  Prince Ribbit (D:8)
  A spectral lindwurm (Gauntlet)
  4 hippogriffs
  20 yaks
  A spriggan (D:9)
  2 wyverns
  2 wraiths (D:10)
  A hungry ghost (D:11)
  Grum (D:9)
  Edmund (D:5)
  3 water moccasins
  6 soldier ants (Gauntlet)
  2 porcupines
  Purgy (D:4)
  3 orc warriors
  5 ice beasts
  5 sky beasts
  2 phantoms
  8 wolves
  6 ogres
  3 centaurs
  3 crocodiles
  2 big kobolds
  A gnoll sergeant (D:7)
  16 bullfrogs
  4 scorpions
  A water moccasin skeleton (D:5)
  2 electric eels (D:11)
  7 howler monkeys
  7 crimson imps
  2 bullfrog zombies
  A quasit (D:11)
  5 hounds
  3 jellies
  2 orc priests
  A bullfrog skeleton (D:8)
  3 centaur skeletons
  Ijyb (D:5)
  3 iguanas
  7 orc wizards
  3 worker ants
  2 hound zombies
  2 hound skeletons
  A worker ant zombie (D:6)
  7 gnolls
  9 adders
  4 shadow imps
  An adder skeleton (D:6)
  An adder zombie (D:6)
  7 worms
  A dart slug (D:4)
  2 leopard geckos
  33 orcs
  10 bats
  11 giant cockroaches
  4 goblins
  7 hobgoblins
  12 jackals
  4 quokkas
  A ball python (D:5)
  3 frilled lizards (D:2)
  A giant cockroach zombie (D:5)
  A jackal skeleton (D:7)
  A jackal zombie (D:6)
  17 kobolds
  A leopard gecko skeleton (D:7)
  A quokka skeleton (D:4)
  2 quokka zombies (D:5)
  5 rats
341 creatures vanquished.

Vanquished Creatures (others)
  A demonic plant (Gauntlet)
  A fungus (Lair:1)
  A plant (D:5)
3 creatures vanquished.

Grand Total: 344 creatures vanquished

Notes
Turn   | Place    | Note
-------+----------+-------------------------------------------
     0 | D:1      | Bapho the Gargoyle Earth Elementalist began the quest for
                  | the Orb.
     0 | D:1      | Reached XP level 1. HP: 10/10 MP: 3/3
   261 | D:1      | Reached XP level 2. HP: 15/15 MP: 3/5
   533 | D:1      | Reached XP level 3. HP: 16/19 MP: 2/6
   599 | D:1      | Learned a level 3 spell: Stone Arrow
   602 | D:1      | Learned a level 2 spell: Passwall
  1291 | D:2      | Reached XP level 4. HP: 24/24 MP: 3/8
  1541 | D:2      | Reached skill level 5 in Earth Magic
  1884 | D:3      | Found a shimmering altar of Xom.
  2496 | D:3      | Reached XP level 5. HP: 23/28 MP: 3/10
  2542 | D:3      | Reached skill level 1 in Fighting
  2657 | D:3      | Reached skill level 1 in Conjurations
  3232 | D:4      | Noticed Purgy
  3252 | D:3      | Gained mutation: Your magical capacity is low. (-10% MP)
                  | [potion of mutation]
  3252 | D:3      | Gained mutation: You possess an exceptional clarity of
                  | mind. [potion of mutation]
  3270 | D:4      | HP: 1/30 [Purgy (2)]
  3271 | D:4      | Killed Purgy
  3271 | D:4      | Reached skill level 3 in Fighting
  3271 | D:4      | Reached XP level 6. HP: 1/37 MP: 3/10
  3640 | D:4      | Found Giuponga's Serpentskin Sales.
  3641 | D:4      | Noticed a water moccasin
  3658 | D:4      | Killed a water moccasin
  3658 | D:4      | Reached skill level 4 in Fighting
  3771 | D:4      | Found Ludistro's Book Emporium.
  3901 | D:4      | Reached XP level 7. HP: 44/44 MP: 5/10
  4795 | D:5      | Entered Level 5 of the Dungeon
  4795 | D:5      | Noticed Edmund
  4807 | D:5      | Killed Edmund
  4917 | D:5      | Noticed Ijyb
  4920 | D:5      | Reached XP level 8. HP: 48/48 MP: 11/11
  4927 | D:5      | Killed Ijyb
  4934 | D:5      | Reached skill level 5 in Maces & Flails
  4939 | D:5      | Found a staircase to the Ecumenical Temple.
  4954 | Temple   | Entered the Ecumenical Temple
  5054 | Temple   | Became a worshipper of Vehumet
  5109 | D:5      | Learned a level 4 spell: Petrify
  5148 | D:5      | Found a transporter.
  5354 | D:5      | Found a transporter.
  5513 | D:5      | Identified the ring "Wouwkiac" {rN+ Dex+3}
  5515 | D:5      | Noticed Thantalas's ghost (amateur DsFi)
  5586 | D:5      | Found a sacrificial altar of Ru.
  5961 | D:6      | Identified a scroll of acquirement
  6143 | D:6      | Reached * piety under Vehumet
  6143 | D:6      | Offered knowledge of Freeze by Vehumet.
  6154 | D:6      | Found a snail-covered altar of Cheibriados.
  6239 | D:6      | Reached XP level 9. HP: 52/53 MP: 12/12
  6776 | D:7      | Offered knowledge of Throw Frost by Vehumet.
  6910 | D:7      | Reached ** piety under Vehumet
  7282 | D:7      | Reached skill level 10 in Maces & Flails
  8037 | D:8      | Noticed Prince Ribbit
  8044 | D:8      | Noticed Joseph
  8045 | D:8      | Killed Prince Ribbit
  8061 | D:8      | Killed Joseph
  8127 | D:8      | Reached XP level 10. HP: 56/58 MP: 13/13
  8271 | D:8      | Reached skill level 1 in Armour
  8468 | D:8      | Offered knowledge of Conjure Flame by Vehumet.
  8476 | D:8      | Learned a level 3 spell: Conjure Flame
  8563 | D:8      | Noticed Gastronok
  8583 | D:8      | HP: 2/58 [Gastronok (33)]
  8585 | D:8      | Killed Gastronok
  9170 | D:9      | Reached skill level 5 in Armour
  9272 | D:9      | Noticed an elephant
  9401 | D:9      | Found a staircase to the Lair.
  9459 | D:9      | Killed an elephant
  9459 | D:9      | Reached skill level 5 in Dodging
  9459 | D:9      | Reached XP level 11. HP: 35/62 MP: 4/14
  9600 | D:9      | Noticed Erolcha
  9705 | D:9      | Killed Erolcha
  9850 | D:9      | Found Atib's Book Shop.
  9881 | D:9      | Reached *** piety under Vehumet
 10008 | D:9      | Found Niwnulur's Distillery.
 10044 | D:9      | Noticed Grum
 10072 | D:9      | Killed Grum
 10306 | D:9      | Noticed Harold
 10565 | D:9      | Reached skill level 5 in Fighting
 10771 | D:9      | Killed Harold
 10771 | D:9      | Reached skill level 6 in Fighting
 10894 | D:10     | Entered Level 10 of the Dungeon
 10972 | D:10     | Found a blossoming altar of Fedhas.
 10992 | D:10     | Offered knowledge of Sticky Flame by Vehumet.
 11228 | D:10     | Reached skill level 7 in Fighting
 11327 | D:10     | Noticed an unseen horror
 11345 | D:10     | Killed an unseen horror
 11395 | D:10     | Reached skill level 8 in Fighting
 11547 | D:10     | Lost mutation: Your magical capacity is low. (-10% MP)
                  | [potion of mutation]
 11547 | D:10     | Lost mutation: You possess an exceptional clarity of mind.
                  | [potion of mutation]
 11547 | D:10     | Gained mutation: You are agile. (Dex +2) [potion of
                  | mutation]
 11547 | D:10     | Gained mutation: Armour fits poorly on your strangely
                  | shaped body. [potion of mutation]
 11547 | D:10     | Gained mutation: You have sharp fingernails. [potion of
                  | mutation]
 11547 | D:10     | Gained mutation: You are surrounded by a mild repulsion
                  | field. (EV +2) [potion of mutation]
 11741 | D:10     | Reached skill level 9 in Fighting
 12022 | D:10     | Reached **** piety under Vehumet
 12123 | D:11     | Found Gugokhlei's Distillery.
 12124 | D:11     | Noticed an unseen horror
 12135 | D:11     | Killed an unseen horror
 12351 | D:11     | Reached XP level 12. HP: 76/77 MP: 17/17
 12382 | D:11     | Reached skill level 10 in Fighting
 12390 | D:11     | Noticed a six-headed hydra
 12411 | D:11     | Killed a six-headed hydra
 12417 | D:11     | Offered knowledge of Iskenderun's Battlesphere by Vehumet.
 12487 | D:11     | Reached skill level 11 in Fighting
 12875 | D:11     | Reached skill level 12 in Fighting
 13391 | D:11     | Noticed a two-headed ogre
 13406 | D:11     | Killed a two-headed ogre
 13406 | D:11     | Reached skill level 13 in Fighting
 13561 | Lair:1   | Entered Level 1 of the Lair of Beasts
 13561 | Lair:1   | Noticed an eight-headed hydra
 13570 | Lair:1   | Killed an eight-headed hydra
 13636 | Lair:1   | Found a transporter.
 14023 | Lair:1   | Found a transporter.
 14050 | Lair:1   | Got a steaming battleaxe
 14064 | Lair:1   | Reached XP level 13. HP: 33/89 MP: 19/19
 14093 | Lair:1   | Reached skill level 5 in Spellcasting
 14244 | Lair:1   | Found a large runed translucent door.
 14244 | Lair:1   | Found a large runed translucent door.
 14251 | Lair:1   | Learned a level 5 spell: Lee's Rapid Deconstruction
 14254 | Lair:1   | Noticed Cezizonopn's ghost (journeyman DrTm)
 15022 | Lair:2   | Found a gate leading to a gauntlet.
 15035 | Gauntlet | Entered a Gauntlet
 15035 | Gauntlet | Found a transporter.
 15035 | Gauntlet | Found a transporter.
 15037 | Gauntlet | Found a transporter.
 15040 | Gauntlet | Found a transporter.
 15061 | Gauntlet | Found a transporter.
 15094 | Gauntlet | Found a transporter.
 15155 | Gauntlet | Found a transporter.
 15155 | Gauntlet | Found a transporter.
 15178 | Gauntlet | Reached ***** piety under Vehumet
 15187 | Gauntlet | Offered knowledge of Throw Icicle by Vehumet.
 15329 | Gauntlet | Found a transporter.
 15343 | Gauntlet | Found a runed translucent door.
 15345 | Gauntlet | Found a transporter.
 15393 | Gauntlet | Found a transporter.
 15393 | Gauntlet | Found a transporter.
 15702 | Gauntlet | Noticed a minotaur
 15724 | Gauntlet | Demolished by a minotaur

Levels and vault maps discovered:
D:1:      minmay_arrival_stone_box, layout_rooms, minmay_pentomino_z4
D:2:      layout_rooms
D:3:      layout_rooms, nicolae_overflow_hidden_temple
D:4:      layout_cave_pods, serial_shops, kennysheep_mini_moat,
          guppyfry_shop_venom, uniq_purgy
D:5:      layout_rooms, minmay_temple_entry_drinking_statues, first_ration,
          gammafunk_ghost_gnarly_gnolls, nicolae_ru_path_of_blood, uniq_ijyb,
          uniq_edmund
D:6:      minmay_chambers_of_fours, layout_cave_pools, kennysheep_nub,
          lemuel_altar_in_water
D:7:      layout_layer_cave, hex_medium
D:8:      layout_loops_cross, hangedman_abyss_or_decor_stagger,
          uniq_prince_ribbit1, uniq_gastronok, uniq_joseph
D:9:      layout_irregular_city, david_lair_generic, serial_shops,
          nicolae_shop_behind_doors, shop, grunt_pizzeria, chequers_garden,
          kennysheep_path_1, uniq_grum, uniq_erolcha, uniq_harold
D:10:     layout_rooms, serial_glass, glass_columns_b, glass_columns_a,
          feat_on_display, minmay_strange_pillars, due_unseen_surprise,
          fedhas_altar_2
D:11:     minmay_distorted_concentric_squares, layout_basic, serial_shops,
          nicolae_shop_temple_entry_statues_fountains, fountainhead,
          minmay_misc_feat_ornament
Temple:   kilobyte_greek_temple
Lair:1:   gammafunk_cloud_chamber, layout_loops_ring,
          ebering_ghost_disaster_area
Lair:2:   layout_big_grid, minmay_swamp_entry_worms,
          minmay_snake_entry_guardpost_large, gauntlet_entry_generic,
          infiniplex_staircase_pool_2
Gauntlet: minmay_gauntlet_77_indecision [minmay_gauntlet_arena_77_two_paths,
          minmay_gauntlet_arena_77_double_cross,
          minmay_gauntlet_arena_77_p_blocks, minmay_gauntlet_arena_77_braids,
          minmay_gauntlet_arena_77_fan, minmay_gauntlet_arena_77_path,
          gauntlet_exit_spiral]

Skill      XL: |  1  2  3  4  5  6  7  8  9 10 11 12 13 |
---------------+----------------------------------------+-----
Earth Magic    | 4 5 |  5.3
Spellcasting   | 3 4 8 |  8.3
Fighting       | 3 4 9 13 | 13.9
Conjurations   | 2 |  2.8
Maces & Flails | 4 8 11 12 | 12.0
Armour         | 6 7 |  7.5
Dodging        | 5 6 |  6.0
Stealth        | |  2.1
Transmutations | |  0.7

Action                   |  1- 3 |  4- 6 |  7- 9 | 10-12 | 13-15 || total
-------------------------+-------+-------+-------+-------+-------++-------
Melee: Mace              |    49 |    18 |       |       |       ||    67
       Flail             |       |    74 |     5 |       |       ||    79
       Whip              |       |       |   312 |   713 |   162 ||  1187
Throw: Stone             |    98 |   110 |   110 |   185 |     4 ||   507
 Cast: Sandblast         |    27 |    19 |    54 |    89 |     9 ||   198
       Stone Arrow       |     5 |    13 |    17 |    55 |       ||    90
       Petrify           |       |       |       |     8 |     9 ||    17
       Lee's Rapid Decon |       |       |       |       |     9 ||     9
Evoke: Wand              |       |       |       |     9 |       ||     9
  Use: Scroll            |       |     4 |     3 |     6 |     4 ||    17
       Potion            |       |     5 |     6 |     6 |     1 ||    18
 Stab: Invisible         |       |       |     1 |       |       ||     1
       Petrified         |       |       |       |     2 |       ||     2
       Distracted        |       |       |       |     1 |       ||     1
  Eat: Chunk             |     2 |     9 |    15 |    23 |     4 ||    53
       Ration            |       |       |       |     2 |     2 ||     4
Armor: Robe              |    24 |    37 |       |       |       ||    61
       Skin              |       |     6 |       |       |       ||     6
       Troll leather arm |       |     1 |   119 |   241 |    29 ||   390
       Swamp dragon scal |       |       |       |       |    46 ||    46
Dodge: Dodged            |    42 |    97 |   167 |   381 |    96 ||   783

Table legend:
 A = Non-vault XP
 B = Vault XP
 C = Vault XP percentage of total XP
 D = Non-vault monster count
 E = Vault monster count
 F = Vault count percentage of total count
                 A         B        C        D         E       F
            +---------+---------+-------+---------+---------+-------
      Total |   23957 |   18486 |  43.6 |     281 |      59 |  17.4
            +---------+---------+-------+---------+---------+-------
        D:1 |      41 |       7 |  14.6 |      26 |       4 |  13.3
        D:2 |      59 |       0 |   0.0 |      18 |       0 |   0.0
        D:3 |     136 |       0 |   0.0 |      26 |       0 |   0.0
        D:4 |     281 |     308 |  52.3 |      10 |       3 |  23.1
        D:5 |     656 |     199 |  23.3 |      17 |       2 |  10.5
        D:6 |    1025 |     131 |  11.3 |      33 |       5 |  13.2
        D:7 |     998 |       0 |   0.0 |      21 |       0 |   0.0
        D:8 |    1200 |    2880 |  70.6 |      20 |       3 |  13.0
        D:9 |    1921 |    3633 |  65.4 |      21 |      11 |  34.4
       D:10 |    3938 |       0 |   0.0 |      30 |       0 |   0.0
       D:11 |    8954 |    1248 |  12.2 |      40 |       6 |  13.0
     Lair:1 |    4360 |    3695 |  45.9 |      17 |       7 |  29.2
     Lair:2 |     388 |       0 |   0.0 |       2 |       0 |   0.0
   Gauntlet |       0 |    6385 | 100.0 |       0 |      18 | 100.0
            +---------+---------+-------+---------+---------+-------
